 Dungeon Crawl Stone Soup version 0.29.1-15-g9cfb28693d (webtiles) character file.

Game seed: 11176418213673919954

73 wingedge the Gusty (level 3, 0/26 HPs)
             Began as a Demigod Air Elementalist on Apr 5, 2023.
             Killed by their own static electricity (2 damage)
             ... on level 2 of the Dungeon.
             The game lasted 00:10:35 (1958 turns).

wingedge the Gusty (Demigod Air Elementalist)       Turns: 1958, Time: 00:10:36

Health: 0/26       AC:  2    Str: 13    XL:     3   Next: 83%
Magic:  6/8        EV: 12    Int: 17    God:
Gold:   72         SH:  0    Dex: 14    Spells: 1/6 levels left

rFire   . . .      SeeInvis .   a - +0 dagger (flame)
rCold   . . .      Faith    .   (no shield)
rNeg    . . .      Spirit   .   c - +0 robe
rPois   .          Reflect  .   (no helmet)
rElec   .          Harm     .   (no cloak)
rCorr   .          Rampage  .   (no gloves)
Will    .....                   (no boots)
Stlth   ++........              (no amulet)
HPRegen 0.08/turn               (no ring)
MPRegen 0.11/turn               (no ring)

@: no status effects
A: high MP 1, forlorn, divine attributes
a: no special abilities


You were on level 2 of the Dungeon.
You visited 1 branch of the dungeon, and saw 2 of its levels.

You collected 72 gold pieces.

Inventory:

Hand Weapons
 a - a +0 dagger of flaming (weapon)
Armour
 c - a +0 robe (worn)
 d - a +0 ring mail
 f - a +0 kite shield
Jewellery
 i - a ring of fire
Scrolls
 e - a scroll of identify {unknown}
 h - a scroll of immolation {unknown}
Potions
 g - a potion of attraction {unknown}
 j - a potion of curing {unknown}


   Skills:
 - Level 2.0 Dodging
 - Level 2.0 Stealth
 - Level 2.0 Spellcasting
 + Level 2.7 Conjurations
 - Level 1.0 Translocations
 - Level 3.0 Air Magic


You had one spell level left.
You knew the following spells:

 Your Spells              Type           Power      Damage    Failure   Level
a - Shock                 Conj/Air       44%        1d5       6%          1
b - Static Discharge      Conj/Air       11%        3-5/arc   9%          2
c - Blink                 Tloc           10%        N/A       19%         2

Your spell library contained the following spells:

 Spells                   Type           Power      Damage    Failure   Level
 Swiftness                Air            11%        N/A       17%         3
 Lesser Beckoning         Tloc           5%         N/A       36%         3
 Airstrike                Air            5%         2d(1-17)  50%         4
 Manifold Assault         Tloc           5%         N/A       98%         5


Dungeon Overview and Level Annotations

Branches:
Dungeon (2/15)

Shops:
D:2 *


Innate Abilities, Weirdness & Mutations

You have an increased reservoir of magic. (+10% MP)
You shall have no god before yourself.
Your divine heritage dramatically boosts your attributes as you level up.


Message History

A puff of flame appears from out of thin air!
The puff of flame hits you.
You hit something. You burn something. Something hits you.
You hit something but do no damage.
You hear some strange, mumbled words.
A puff of flame appears from out of thin air!
The puff of flame hits you.
You miss something. Something hits you.
Casting: Shock (safe; 6% risk of failure)
Confirm with . or Enter, or press ? or * to list all spells.
Aiming: Shock (safe; 6% risk of failure)
Press: ? - help, Shift-Dir - straight line, f - orc
Aim: an orc, wielding a +0 mace and wearing a +3 leather armour of cold resistance (68% to hit)
The zap hits the orc.
The orc is moderately wounded.
Something hits you.
You miss something. Something hits you.
* * * LOW HITPOINT WARNING * * *
You miss something. Something completely misses you.
Casting: Shock (safe; 6% risk of failure)
Confirm with . or Enter, or press ? or * to list all spells.
Aiming: Shock (safe; 6% risk of failure)
Press: ? - help, Shift-Dir - straight line, p - orc The zap hits something.
The zap hits the orc.
The orc is almost dead.
Something hits you.
* * * LOW HITPOINT WARNING * * *
You miss something. Something hits you.
* * * LOW HITPOINT WARNING * * *
Magic courses through your body. Something hits you but does no damage.
Casting: Shock (safe; 6% risk of failure)
Confirm with . or Enter, or press ? or * to list all spells.
You can't see any susceptible monsters within range! (Use Z to cast anyway.) Unknown command.
Casting: Shock (safe; 6% risk of failure)
Confirm with . or Enter, or press ? or * to list all spells.
Something is struck by an arc of lightning.
Reactivating autopickup.
You feel a bit more experienced.
You are struck by an arc of lightning.
You die...

#.# #)# #.# #.#
#.# #.# #.# #.##
#o# ###########...
#)# #.....<......#
#@# #.###.........
#.# #.# #.........
#.# #.###.........
#.#.#.....######'#
#.#.#........###.#
#.#.#....8.<.∩.8.#
#.#.#........###.#
#.#.#........# #.#
#.#.#........# #.#


You could see an orc.

Vanquished Creatures
  2 orc wizards (D:2)
  An adder (D:2)
  A worm (D:2)
  A dart slug (D:1)
  2 orcs (D:2)
  3 bats (D:1)
  An endoplasm (D:2)
  2 giant cockroaches (D:1)
  2 goblins
  3 hobgoblins (D:1)
  2 jackals (D:1)
  3 kobolds (D:1)
  3 quokkas (D:1)
  2 ball pythons
  A frilled lizard (D:1)
  4 rats
33 creatures vanquished.

Notes
Turn   | Place    | Note
-------+----------+-------------------------------------------
     0 | D:1      | wingedge the Demigod Air Elementalist began the quest for
                  | the Orb.
     0 | D:1      | Reached XP level 1. HP: 14/14 MP: 5/5
    92 | D:1      | Reached skill level 1 in Conjurations
   312 | D:1      | Reached XP level 2. HP: 16/20 MP: 0/7
   432 | D:1      | Reached skill level 3 in Air Magic
   542 | D:1      | Learned a level 2 spell: Static Discharge
   545 | D:1      | Learned a level 2 spell: Blink
  1173 | D:2      | Found Xaob's Assorted Antiques.
  1257 | D:2      | Reached skill level 1 in Translocations
  1257 | D:2      | Reached XP level 3. HP: 26/26 MP: 4/8
  1958 | D:2      | Killed from afar by themself

Illustrated notes

Levels and vault maps discovered:
D:1:      doesnt_arrival_eight_statues, layout_basic
D:2:      layout_basic, serial_shops, shop_statue,
          hellmonk_ecumenical_altar_watching_god

Skill      XL: |  1  2  3 |
---------------+----------+-----
Conjurations   | 1 2 |  2.7
Stealth        | 2 |  2.0
Dodging        | 2 |  2.0
Spellcasting   | 2 |  2.0
Air Magic      | 3 |  3.0
Translocations | 1 |  1.0

Action                   || total
-------------------------++-------
Melee: Dagger            ||    45
 Cast: Shock             ||    81
  Use: Potion            ||     1
 Stab: Sleeping          ||     1
Armor: Robe              ||     4
Dodge: Dodged            ||    25
